 Dungeon Crawl Stone Soup version 0.31-a0-426-g3a05650e59 (webtiles) character file.

Game seed: 6124614019599091368

298 juan097 the Magician (level 6, -2/45 HPs)
             Began as a Djinni Earth Elementalist on July 30, 2023.
             Was an Initiate of Hepliaklqana.
             Slain by a killer bee (7 damage)
             ... on level 4 of the Dungeon.
             The game lasted 00:06:59 (2823 turns).

juan097 the Magician (Djinni Earth Elementalist)    Turns: 2823, Time: 00:06:59

Health: -2/45      AC:  2    Str:  7    XL:     6   Next: 63%
Gold:   142        EV: 12    Int: 19    God:    Hepliaklqana [......] SH:  0 Dex: 13

rFire   + + .        a - +3 short sword
rCold   x . .        (no shield)
rNeg    . . .        f - +0 robe
rPois   ∞            (no helmet)
rElec   .            (no cloak)
rCorr   .            (no gloves)
SInv    .            (boots unavailable)
Will    .....        (no amulet)
Stlth   ++           (no ring)
HPRegen 0.27/turn    (no ring)
MPRegen 0.00/turn

%: infuse magic (-3 HP)
@: flying
A: sickness immunity, fire resistance 2, cold vulnerability 1, float, innate
caster, HP casting, extra vitality 1
a: Renounce Religion


You were on level 4 of the Dungeon.
You worshipped Hepliaklqana.
Hepliaklqana was noncommittal.
You visited 1 branch of the dungeon, and saw 4 of its levels.

You collected 142 gold pieces.

Inventory:

Hand Weapons
 a - a +3 short sword (weapon)
 b - a +0 sling
Missiles
 c - 9 poisoned darts
 t - 6 javelins
Armour
 f - a +0 robe (worn)
 p - a +0 ring mail
Wands
 w - a wand of paralysis (8)
 y - a wand of flame (21)
Scrolls
 d - 2 scrolls of amnesia {unknown}
 e - a scroll of acquirement {unknown}
 g - 3 scrolls of teleportation {unknown}
 h - a scroll of noise {unknown}
 k - a scroll of enchant weapon {unknown}
 l - 2 scrolls of poison {unknown}
 m - a scroll of enchant armour {unknown}
 q - 6 scrolls of identify {unknown}
 u - a scroll of fog {unknown}
 x - a scroll of fear {unknown}
Potions
 i - 3 potions of curing {unknown}
 j - a potion of berserk rage {unknown}
 n - a potion of ambrosia {unknown}
 o - 3 potions of haste {unknown}
 r - a potion of magic {unknown}
 s - a potion of lignification {unknown}
 v - a potion of might {unknown}


   Skills:
 + Level 2.8 Fighting
 - Level 2.1 Dodging
 + Level 3.1 Stealth
 * Level 4.4 Spellcasting
 * Level 4.4 Conjurations
 * Level 4.4 Hexes
 * Level 4.4 Summonings
 * Level 4.4 Necromancy
 * Level 4.4 Translocations
 * Level 4.4 Transmutations
 * Level 4.4 Fire Magic
 * Level 4.4 Ice Magic
 * Level 4.4 Air Magic
 * Level 4.4 Earth Magic
 * Level 4.4 Poison Magic


You knew the following spells:

 Your Spells              Type           Power      Damage    Failure   Level
a - Sandblast             Erth           40%        2d10      2%          1
b - Passwall              Tmut/Erth      16%        N/A       3%          2
c - Stone Arrow           Conj/Erth      40%        3d9       6%          3
d - Petrify               Tmut/Erth      20%        N/A       22%         4
e - Freeze                Ice            80%        1d9       2%          1
f - Scorch                Fire           40%        2d6       3%          2
Your spell library was empty.

Dungeon Overview and Level Annotations

Branches:
Dungeon (4/15)
 Temple: D:4-7

Altars:
Hepliaklqana


Innate Abilities, Weirdness & Mutations

You are immune to sickness and miasma.
You are immune to poison.
Your flesh is very heat resistant. (rF++)
You are vulnerable to cold. (rC-)
You float through the air rather than walking.
You learn spells naturally, not from books.
Your magical power is your life essence.
You have superior vitality. (+4 MHP)


Message History

The poisoned dart hits the killer bee.
The killer bee is poisoned.
The killer bee buzzes angrily. x3
The killer bee stings you but does no damage.
The killer bee completely misses you. The killer bee stings you.
You throw a poisoned dart. The poisoned dart hits the killer bee.
The killer bee looks even sicker.
The killer bee is almost dead.
The killer bee buzzes angrily.
You hear an angry buzzing noise.
You kill the killer bee!
The killer bee stings you.
You throw a poisoned dart.
The poisoned dart closely misses the killer bee. x2
The killer bee stings you. The killer bee closely misses you.
You throw a poisoned dart.
The poisoned dart closely misses the killer bee.
The poisoned dart misses the killer bee.
The killer bee closely misses you. The killer bee stings you.
b - a +0 sling (weapon)
The killer bee stings you.
a - a +3 short sword (weapon)
The killer bee stings you.
You are too injured to fight recklessly!
Aiming: Sandblast (safe; 2% risk of failure)
Press: ? - help, Q - select action, (/) - cycle Shift-Dir - straight line, f/p - killer bee
Aim: a killer bee (65% to hit)
The blast of sand hits the killer bee!
The killer bee is severely wounded.
The killer bee stings you!
* * * LOW HITPOINT WARNING * * *
The killer bee closely misses you. The killer bee completely misses you.
Okay, then.
Aiming: Paralyse
Press: ? - help, Shift-Dir - straight line, f/p - killer bee
Aim: a killer bee (severely wounded, chance to affect: 57%)
The killer bee resists with significant effort.
The killer bee stings you!
* * * LOW HITPOINT WARNING * * *
The killer bee stings you!
You die...

##........##
#<.........#
#..........#
#..........#
#..........#
#..........#
##........##
##......##
#####@## #
#y## ..#
#yy##
#...###y.#
#...##.#
#....#
###..##
##..# #...#


You could see 4 killer bees.

Vanquished Creatures
  A killer bee (D:4)
  An orc priest (D:3)
  Jessica (D:2)
  Natasha (twice) (D:2)
  7 adders
  5 worms
  2 dart slugs
  5 orcs (D:3)
  6 endoplasms
  A giant cockroach (D:2)
  8 goblins
  5 hobgoblins
  7 jackals
  4 kobolds
  A quokka (D:2)
  6 ball pythons
  2 bats
  2 frilled lizards
  6 rats
72 creatures vanquished.

Notes
Turn   | Place    | Note
-------+----------+-------------------------------------------
     0 | D:1      | juan097 the Djinni Earth Elementalist began the quest for
                  | the Orb.
     0 | D:1      | juan097 set off with the following spells memorised:
                  | Sandblast, Passwall, Stone Arrow, Petrify.
     0 | D:1      | Reached XP level 1. HP: 15/15 MP: 0/0
   283 | D:1      | Reached XP level 2. HP: 21/22 MP: 0/0
   538 | D:1      | Reached XP level 3. HP: 24/26 MP: 0/0
   538 | D:1      | Learned a level 1 spell: Freeze
   996 | D:2      | Reached skill level 1 in Fighting
  1040 | D:2      | Reached XP level 4. HP: 26/32 MP: 0/0
  1232 | D:2      | Found a hazy altar of Hepliaklqana.
  1240 | D:2      | Noticed Natasha
  1252 | D:2      | Killed Natasha
  1253 | D:2      | Reached XP level 5. HP: 26/38 MP: 0/0
  1253 | D:2      | Learned a level 2 spell: Scorch
  1362 | D:2      | Found a faded altar of an unknown god.
  1494 | D:2      | Noticed Jessica
  1501 | D:2      | Killed Jessica
  1678 | D:2      | Noticed Natasha
  1682 | D:2      | Killed Natasha
  1834 | D:2      | Became a worshipper of Hepliaklqana the Forgotten
  1958 | D:3      | Reached XP level 6. HP: 42/44 MP: 0/0
  2823 | D:4      | Slain by a killer bee

Illustrated notes

Levels and vault maps discovered:
D:1:      amcnicky_arrival_double_pillar, layout_basic, serial_curves,
          eino_curves_01, eino_curves_04, wander_ebering_terrifying_dragon_lair
D:2:      layout_loops_ring, hellmonk_ecumenical_altar_arch_garden, basic_altar,
          kennysheep_donut, hangedman_decor_growths, kennysheep_generic_room_9,
          uniq_natasha, uniq_jessica
D:3:      layout_basic, minmay_fractal_squares_gapless_5
D:4:      layout_rooms, interstate_on_off, uniq_edmund

Skill      XL: |  1  2  3  4  5  6 |
---------------+-------------------+-----
Spellcasting   | 4 |  4.4
Conjurations   | 4 |  4.4
Hexes          | 4 |  4.4
Summonings     | 4 |  4.4
Necromancy     | 4 |  4.4
Translocations | 4 |  4.4
Transmutations | 4 |  4.4
Fire Magic     | 4 |  4.4
Ice Magic      | 4 |  4.4
Air Magic      | 4 |  4.4
Earth Magic    | 4 |  4.4
Poison Magic   | 4 |  4.4
Fighting       | 1 2 |  2.8
Stealth        | 2 3 |  3.1
Dodging        | |  2.1

Action                     |  1- 3 |  4- 6 || total
---------------------------+-------+-------++-------
  Melee: Dagger            |     2 |       ||     2
         Short sword       |     2 |     6 ||     8
   Fire: Sling             |       |     1 ||     1
  Throw: Dart              |       |     4 ||     4
   Cast: Sandblast         |    31 |    68 ||    99
         Stone Arrow       |       |     1 ||     1
         Passwall          |       |     5 ||     5
  Evoke: Wand              |       |     1 ||     1
   Stab: Sleeping          |       |     4 ||     4
 Armour: Robe              |     7 |     2 ||     9
  Dodge: Dodged            |    14 |    14 ||    28

Table legend: (Time is in decaauts)
 A = Elapsed time spent in this place.
 B = Non-inter-level travel time spent in this place.
 C = Inter-level travel time spent in this place.
 D = Time resting spent in this place.
 E = Time spent auto-exploring this place.
 F = Levels seen in this place.
 G = Mean time per level.
                   A        B        C        D        E       F      G
               +--------+--------+--------+--------+--------+-----+--------+
         Total |   2879 |   2789 |     90 |     22 |   2222 |   4 |  719.8 |
       Dungeon |   2879 |   2789 |     90 |     22 |   2222 |   4 |  719.8 |
               +--------+--------+--------+--------+--------+-----+--------+

Top non-repeatable levels by time:
     D:1: 993 daAuts
     D:2: 992 daAuts
     D:3: 833 daAuts
     D:4: 59 daAuts
